cohdb
Replays
Latest Replays
All Replays
Popular Replays
Top Player Replays
Match Explorer
How It Works
Community
CoH3 Stats
Reddit
Sign in to upload your games and track your stats! →
Sign in with Steam
Match 45502707
Unlisted
Match 45502707
Overview
Messages
Build Orders
End
Panzergrenadier Squad
Selects Panzerjäger Kommand Battlegroup
Panzergrenadier Squad
250 Light Carrier
Construct Light Support Kompanie
Combat Half-tracks
Advanced Field Repairs
Selects GrB 39 Grenade Launcher Requisition
MG34 Team
Assault Mechanized Group
Panzerpioneer Squad
Panzerpioneer Squad
Fire Support Elements
Selects Mine Fields
Assault Mechanized Group
AI Takeover
oxfordsdon
I.S.M.A.I.L
govard789
ZeZwott
potatoo
Adepta Ministorum
0
0
Comments
sign in to comment!
No comments posted yet!